 Dungeon Crawl Stone Soup version 0.31-a0-1626-g5cb510d322 (webtiles) character file.

Game seed: 9925030491505089426

17300 Dirian the Cleaver (level 12, -1/106 HPs)
             Began as a Minotaur Fighter on Jan 12, 2024.
             Was a High Priest of Okawaru.
             Slain by a slime creature (12 damage)
             ... on level 13 of the Dungeon on Jan 13, 2024.
             The game lasted 00:30:00 (11678 turns).

Dirian the Cleaver (Minotaur Fighter)              Turns: 11678, Time: 00:30:01

Health: -1/106     AC: 29    Str: 26    XL:     12   Next: 17%
Magic:  14/14      EV:  9    Int:  5    God:    Okawaru [*****.]
Gold:   708        SH:  5    Dex: 10    Spells: 11/11 levels left

rFire   + . .        a - +2 war axe (protect)
rCold   . . .        c - +0 buckler
rNeg    + . .        C - +4 chain mail {Will+}
rPois   .            (helmet unavailable)
rElec   .            f - scarf {repulsion}
rCorr   .            o - +1 pair of gloves
SInv    +            A - +2 pair of boots of the Thieving Gods {^Drain rN+ SInv}
Will    +....        (no amulet) Stlth
                     g - ring of flight
HPRegen 0.37/turn    u - ring of protection from fire
MPRegen 0.14/turn

%: repel missiles
@: under a protective aura, flying, studying Shields
A: horns 3, retaliatory headbutt, low MP 1
a: Renounce Religion, Heroism, Finesse, Duel


You were on level 13 of the Dungeon.
You worshipped Okawaru.
Okawaru was extremely pleased with you.
You visited 1 branch of the dungeon, and saw 13 of its levels.
You also visited: Gauntlet.

You collected 882 gold pieces.
You spent 174 gold pieces at shops.

Inventory:

Hand Weapons
 a - a +2 war axe of protection (weapon)
 E - a +0 broad axe
 F - a +2 war axe of draining
Missiles
 b - 12 boomerangs (quivered)
 n - a throwing net
 w - 4 silver javelins
 y - 11 javelins
Armour
 c - a +0 buckler (worn)
 f - a scarf of repulsion (worn)
 o - a +1 pair of gloves (worn)
 s - a scarf of resistance
 A - the +2 pair of boots of the Thieving Gods (worn) {^Drain rN+ SInv}
   (You found it on level 11 of the Dungeon)

   rN+:       It protects you from negative energy.
   SInv:      It lets you see invisible.
   ^Drain:    It drains your maximum health when unequipped.
 C - a +4 chain mail of willpower (worn)
Jewellery
 g - a ring of flight (left hand)
 u - a ring of protection from fire (right hand)
 G - the ring of Oghigg {rCorr Int+6}
   (You found it in a Gauntlet)

   [ring of resist corrosion]

   Int+6:     It affects your intelligence (+6).
   rCorr:     It protects you from acid and corrosion.
Wands
 i - a wand of roots (16)
 m - a wand of acid (39)
 p - a wand of polymorph (34)
 r - a wand of flame (9)
 v - a wand of digging (3)
 K - a wand of paralysis (4)
Scrolls
 j - 3 scrolls of fog
 t - 2 scrolls of teleportation
 z - a scroll of blinking
Potions
 d - a potion of might
 e - a potion of brilliance
 h - 3 potions of haste
 k - a potion of lignification
 l - a potion of mutation
 q - 8 potions of curing
 x - a potion of enlightenment
 B - a potion of magic {unknown}
 D - 2 potions of heal wounds {unknown}
 H - a potion of invisibility {unknown}
Miscellaneous
 L - a condenser vane


   Skills:
 + Level 10.3 Fighting
 + Level 14.2 Axes
 * Level 6.9 Throwing
 + Level 11.0 Armour
 + Level 8.6 Shields
 * Level 6.8 Invocations


You had 11 spell levels left.
You didn't know any spells.
Your spell library contained the following spells:

 Spells                   Type           Power      Damage    Failure   Level
 Freeze                   Ice            0%         1d3       92%         1
 Magic Dart               Conj           0%         1d3       92%         1
 Blink                    Tloc           0%         N/A       98%         2
 Frozen Ramparts          Ice            0%         1d1       100%        3
 Hailstorm                Conj/Ice       0%         3d5       100%        3
 Stone Arrow              Conj/Erth      0%         3d7       100%        3
 Flame Wave               Conj/Fire      0%         2d4       100%        4
 Iskenderun's Battlesphe  Conj           0%         2d6       100%        5
 Call Imp                 Summ           Unusable   N/A       N/A         2

Dungeon Overview and Level Annotations

Branches:
Dungeon (13/15) Zot: 26992  Temple (0/1) D:7            Lair (0/5) D:8
    Orc (0/2) D:9         Gauntlet (visited)
 Vaults: D:13-14

Altars:
Ashenzari
Cheibriados
Dithmenos
Fedhas
Hepliaklqana
Kikubaaqudgha
Okawaru
Qazlal
Sif Muna
Uskayaw
Vehumet
Yredelemnul

Shops:
D:3 (   D:8 *

Annotations:
D:5 3 runed translucent doors, Pi314's ghost, novice DsFE
D:7 1 runed translucent door, Crazy Yiuf


Innate Abilities, Weirdness & Mutations

You have a pair of large horns on your head.
You reflexively headbutt those who attack you in melee.
Your magical capacity is low. (-10% MP)


Message History

You now have 708 gold pieces (gained 16).
Done exploring.
Search for what [? for help]? .
There is a stone staircase leading down here.
You fly downwards.
The slime creature quivers. x2
There is a stone staircase leading up here. 2 slime creatures come into view.
The slime creature quivers. x2
The slime creature hits you.
Two slime creatures merge to form a large slime creature.
Two slime creatures merge to form a very large slime creature.
The slime creature hits you. The slime creature hits you.
You block the very large slime creature's attack.
You hit the very large slime creature.
Your weapon exudes an aura of protection.
Your headbutt misses the very large slime creature.
The very large slime creature is lightly wounded.
You hit the slime creature.
You slice the very large slime creature!!
The very large slime creature is lightly wounded.
You slash the slime creature! The slime creature hits you.
The very large slime creature hits you!!
You slice the very large slime creature!!
You headbutt the very large slime creature!
The very large slime creature is moderately wounded.
You hit the slime creature.
The very large slime creature hits you!!
The slime creature hits you but does no damage.
You slash the very large slime creature!
The very large slime creature is moderately wounded.
You hit the slime creature but do no damage.
The slime creature hits you.
The very large slime creature hits you!!
* * * LOW HITPOINT WARNING * * *
You slash the very large slime creature!
The very large slime creature is heavily wounded.
You hit the slime creature. The slime creature hits you!
You die...

#.. #.. .#
#.# ...###
#.#
......##.#
#..<.##
###...####
##.J...#
#@###....
#J# #..
..# . #.##
#. .. .#
..


You could see a very large slime creature and a slime creature.

Vanquished Creatures
  A cacodemon (Gauntlet)
  A minotaur (Gauntlet)
  2 boulder beetles (D:12)
  3 two-headed ogres
  A fire crab (Gauntlet)
  An ugly thing (D:12)
  3 cyclopes
  A manticore (D:12)
  A gargoyle (D:10)
  An unseen horror (D:12)
  A rime drake (D:8)
  3 trolls
  A polar bear (D:8)
  A wolf spider simulacrum (D:12)
  Sigmund (D:2)
  A shadow (D:11)
  2 wraiths (D:12)
  3 wyverns
  6 fire bats (Gauntlet)
  A neqoxec (Gauntlet)
  3 steam dragons
  3 hell hounds (Gauntlet)
  7 ice beasts
  7 orc warriors
  A black bear (D:4)
  3 sky beasts
  An ogre (D:6)
  2 wolves (D:8)
  7 centaurs
  A phantom (D:6)
  3 kobold brigands
  3 bullfrogs
  A gnoll sergeant (D:8)
  4 scorpions
  9 wights
  9 killer bees
  5 howler monkeys
  6 bombardier beetles
  2 jellies
  5 hounds
  A gnoll bouda (D:7)
  9 orc priests
  A sleepcap (D:6)
  3 iguanas (D:5)
  Ijyb (D:3)
  12 orc wizards
  19 gnolls
  6 adders
  4 white imps
  2 ufetubi (D:5)
  70 orcs
  A ball python (D:3)
  6 endoplasms
  4 giant cockroaches
  10 goblins
  6 hobgoblins
  4 jackals
  4 quokkas
  7 bats
  5 frilled lizards
  15 kobolds
  6 rats
313 creatures vanquished.

Notes
Turn   | Place    | Note
-------+----------+-------------------------------------------
     0 | D:1      | Dirian the Minotaur Fighter began the quest for the Orb.
     0 | D:1      | Reached XP level 1. HP: 19/19 MP: 0/0
    86 | D:1      | Found a faded altar of an unknown god.
   129 | D:1      | Reached XP level 2. HP: 27/27 MP: 1/1
   853 | D:2      | Reached XP level 3. HP: 33/33 MP: 2/2
  1259 | D:2      | Reached skill level 3 in Axes
  1617 | D:2      | Noticed Sigmund
  1621 | D:2      | Killed Sigmund
  1622 | D:2      | Reached skill level 4 in Axes
  1622 | D:2      | Reached skill level 5 in Armour
  1622 | D:2      | Reached XP level 4. HP: 37/41 MP: 3/3
  1622 | D:2      | Reached XP level 5. HP: 42/47 MP: 4/4
  1776 | D:3      | Noticed Ijyb
  1824 | D:3      | Killed Ijyb
  1863 | D:3      | Reached XP level 6. HP: 50/53 MP: 5/5
  2118 | D:3      | Found Veofy's Antique Weapon Shop.
  2535 | D:4      | Reached skill level 5 in Axes
  3141 | D:4      | Reached skill level 5 in Fighting
  3454 | D:5      | Entered Level 5 of the Dungeon
  3465 | D:5      | Reached XP level 7. HP: 59/61 MP: 6/6
  3469 | D:5      | Found a hide-covered altar of Uskayaw.
  3469 | D:5      | Noticed a +0 dagger
  3470 | D:5      | Noticed a +0 short sword
  3470 | D:5      | Noticed a +0 short sword
  3470 | D:5      | Noticed a +0 dagger
  3470 | D:5      | Noticed a +0 spear
  3471 | D:5      | Noticed a +0 falchion
  3471 | D:5      | Noticed a +0 falchion
  3472 | D:5      | Noticed a +0 spear
  3562 | D:5      | Found a runed translucent gate.
  3569 | D:5      | Reached skill level 6 in Axes
  3569 | D:5      | Reached skill level 5 in Shields
  3861 | D:5      | Found a snail-covered altar of Cheibriados.
  3933 | D:5      | Found a runed translucent gate.
  3934 | D:5      | Found a runed translucent gate.
  4022 | D:5      | Noticed Pi314's ghost (novice DsFE)
  4211 | D:5      | Reached skill level 7 in Axes
  4353 | D:6      | Reached XP level 8. HP: 9/70 MP: 7/7
  4710 | D:6      | Reached skill level 8 in Axes
  5096 | D:6      | Reached skill level 9 in Axes
  5314 | D:6      | Found an iron altar of Okawaru.
  5314 | D:6      | Found a blossoming altar of Fedhas.
  5487 | D:6      | Became a worshipper of Warmaster Okawaru
  5591 | D:7      | Reached XP level 9. HP: 74/78 MP: 8/8
  5596 | D:7      | Found a staircase to the Ecumenical Temple.
  5720 | D:7      | Reached skill level 1 in Throwing
  5721 | D:7      | Reached skill level 1 in Invocations
  5930 | D:7      | Reached * piety under Okawaru
  5934 | D:7      | Reached skill level 10 in Axes
  6071 | D:7      | Noticed a two-headed ogre
  6086 | D:7      | Killed a two-headed ogre
  6187 | D:7      | Found a radiant altar of Vehumet.
  6200 | D:7      | Found an ancient bone altar of Kikubaaqudgha.
  6212 | D:7      | Found a shimmering blue altar of Sif Muna.
  6399 | D:7      | Reached ** piety under Okawaru
  6400 | D:7      | Reached skill level 11 in Axes
  6451 | D:7      | Found a runed translucent door.
  6452 | D:7      | Noticed Crazy Yiuf
  6597 | D:8      | Noticed a two-headed ogre
  6605 | D:8      | Killed a two-headed ogre
  6606 | D:8      | Reached XP level 10. HP: 80/88 MP: 11/11
  6724 | D:8      | Found a broken altar of Ashenzari.
  6845 | D:8      | Found a staircase to the Lair.
  6855 | D:8      | Reached *** piety under Okawaru
  7568 | D:8      | Found Nummoos's Assorted Antiques.
  7703 | D:8      | Bought a dented zirconium amulet for 145 gold pieces
  7703 | D:8      | Bought a scroll labelled GORCHU FUCI for 29 gold pieces
  7724 | D:9      | Found a staircase to the Orcish Mines.
  7766 | D:9      | Noticed a two-headed ogre
  7775 | D:9      | Killed a two-headed ogre
  7775 | D:9      | Reached **** piety under Okawaru
  7776 | D:9      | Reached skill level 12 in Axes
  8189 | D:9      | Reached skill level 5 in Invocations
  8345 | D:9      | Identified the +0 robe of Weightlessness {rF+ Dex-5 Stlth+}
  8420 | D:9      | Found a hazy altar of Hepliaklqana.
  8421 | D:9      | Found a shadowy altar of Dithmenos.
  8421 | D:9      | Found a basalt altar of Yredelemnul.
  8478 | D:9      | Reached skill level 5 in Throwing
  8610 | D:10     | Entered Level 10 of the Dungeon
  8642 | D:10     | Reached skill level 10 in Armour
  8765 | D:10     | Reached XP level 11. HP: 95/95 MP: 13/13
  9657 | D:11     | Identified a scroll of acquirement
  9657 | D:11     | Acquired a manual of Shields
  9664 | D:11     | Identified the +2 pair of boots of the Thieving Gods
                  | {^Drain rN+ SInv}
 10106 | D:11     | Reached skill level 13 in Axes
 10193 | D:12     | Reached ***** piety under Okawaru
 10198 | D:12     | Noticed a boulder beetle
 10222 | D:12     | Killed a boulder beetle
 10231 | D:12     | Found a gate leading to a gauntlet.
 10252 | Gauntlet | Entered a Gauntlet
 10252 | Gauntlet | Noticed a cacodemon
 10252 | Gauntlet | Noticed a sixfirhy
 10252 | Gauntlet | Found a transporter.
 10252 | Gauntlet | Found a transporter.
 10252 | Gauntlet | Found a transporter.
 10253 | Gauntlet | Found a transporter.
 10257 | Gauntlet | Found a transporter.
 10258 | Gauntlet | Noticed a sixfirhy
 10264 | Gauntlet | Noticed a fire crab
 10271 | Gauntlet | Found a transporter.
 10337 | Gauntlet | Found a transporter.
 10362 | Gauntlet | Found a transporter.
 10367 | Gauntlet | Found a transporter.
 10374 | Gauntlet | Noticed a soul eater
 10382 | Gauntlet | Found a transporter.
 10397 | Gauntlet | Found a transporter.
 10403 | Gauntlet | Found a transporter.
 10540 | Gauntlet | Gained mutation: You are vulnerable to cold. (rC-) [a
                  | cacodemon]
 10545 | Gauntlet | Gained mutation: You have hidden genetic defects. [a
                  | cacodemon]
 10548 | Gauntlet | Killed a cacodemon
 10548 | Gauntlet | Received a gift from Okawaru
 10559 | Gauntlet | Identified the ring of Oghigg {rCorr Int+6}
 10592 | Gauntlet | Killed a fire crab
 10611 | Gauntlet | Gained mutation: You do not regenerate when monsters are
                  | visible. [hidden defects]
 10671 | Gauntlet | Identified the +5 war axe of Invincibility {chaos, +Blink
                  | rF++ Int-3 SInv}
 10671 | Gauntlet | Noticed a minotaur
 10685 | Gauntlet | Killed a minotaur
 10686 | Gauntlet | Reached skill level 10 in Fighting
 10705 | Gauntlet | Got the Compilation of Arcane Combat
 10709 | Gauntlet | Identified the +0 acid dragon scales of Yditsal {rC++
                  | rCorr}
 10962 | D:12     | Reached XP level 12. HP: 93/106 MP: 15/15
 11017 | D:12     | Noticed a boulder beetle
 11047 | D:12     | Killed a boulder beetle
 11048 | D:12     | Reached skill level 14 in Axes
 11048 | D:12     | Lost mutation: You are vulnerable to cold. (rC-) [potion of
                  | mutation]
 11048 | D:12     | Lost mutation: You do not regenerate when monsters are
                  | visible. [potion of mutation]
 11048 | D:12     | Lost mutation: You have hidden genetic defects. [potion of
                  | mutation]
 11048 | D:12     | Gained mutation: Your body sometimes deteriorates upon
                  | taking damage. [potion of mutation]
 11048 | D:12     | Gained mutation: Your spells are a little easier to cast,
                  | but a little less powerful. [potion of mutation]
 11048 | D:12     | Gained mutation: You are agile. (Dex +4, Str/Int -1)
                  | [potion of mutation]
 11049 | D:12     | Lost mutation: You are agile. (Dex +4, Str/Int -1) [potion
                  | of mutation]
 11049 | D:12     | Lost mutation: Your spells are a little easier to cast, but
                  | a little less powerful. [potion of mutation]
 11049 | D:12     | Gained mutation: You have very sharp teeth. [potion of
                  | mutation]
 11049 | D:12     | Gained mutation: You have an increased reservoir of magic.
                  | (+10% MP) [potion of mutation]
 11050 | D:12     | Lost mutation: Your body sometimes deteriorates upon taking
                  | damage. [potion of mutation]
 11050 | D:12     | Lost mutation: You have very sharp teeth. [potion of
                  | mutation]
 11050 | D:12     | Lost mutation: You have an increased reservoir of magic.
                  | (+10% MP) [potion of mutation]
 11050 | D:12     | Gained mutation: Your magical capacity is low. (-10% MP)
                  | [potion of mutation]
 11050 | D:12     | Gained mutation: You have a pair of large horns on your
                  | head. [potion of mutation]
 11238 | D:12     | Found a stormy altar of Qazlal.
 11678 | D:13     | Slain by a slime creature

Illustrated notes

Levels and vault maps discovered:
D:1:      mrwooster_arrival_statue_3, layout_loops_ring,
          shapermc_ecumenical_altar_gd
D:2:      layout_loops_corners, uniq_sigmund
D:3:      layout_loops_ring, serial_shops, shop, uniq_ijyb
D:4:      layout_gridville
D:5:      layout_rooms, nicolae_uskayaw_en_pointe, chei_slow_surprise,
          ebering_ghost_rock_garden
D:6:      layout_rooms, gammafunk_temple_overflow_wave
D:7:      layout_rooms, palyth_temple_overflow_mages, minmay_temple_entry_tees,
          uniq_crazy_yiuf_cottage
D:8:      layout_cave_pools, mainiacjoe_overflow_small_starburst,
          hellmonk_lair_entry_icy, special_room [special_room_orc],
          serial_shops, nicolae_shop_tiny_statue_garden,
          minmay_misc_feat_pillars, serial_bayou_pond_d
D:9:      layout_gridville, chequers_temple_overflow_statue_of_worship,
          orc_0_dummy, nicolae_figureground_sparkle
D:10:     layout_roguey [special_room_orc],
          nicolae_concentric_dashed_squares_wild, st_stairs_8
D:11:     layout_cave_pools, serial_column_ruins, column_ruins_hut,
          column_ruins_hut, column_ruins_grid_1, column_ruins_open_small_water,
          column_ruins_grid_1, column_ruins_open_medium, column_ruins_grid_1,
          column_ruins_columns_corner, column_ruins_columns_dead_end
D:12:     layout_basic, gauntlet_entry_generic, minmay_misc_feat_iff,
          grunt_qazlal_sundering
D:13:     layout_rooms, hellmonk_vaults_keyhole, minmay_circle_x

Skill      XL: |  1  2  3  4  5  6  7  8  9 10 11 12 |
---------------+-------------------------------------+-----
Armour         | 4 5 6 7 8 9 10 11 | 11.0
Shields        | 4 5 6 8 |  8.6
Fighting       | 4 5 6 7 8 10 | 10.3
Axes           | 4 5 7 9 11 12 13 14 | 14.2
Throwing       | 3 5 6 |  6.9
Invocations    | 3 5 6 |  6.8

Action                     |  1- 3 |  4- 6 |  7- 9 | 10-12 || total
---------------------------+-------+-------+-------+-------++-------
  Melee: War axe           |    83 |    91 |   242 |   411 ||   827
         Headbutt          |    14 |    11 |    47 |    80 ||   152
         Unarmed           |       |    12 |       |       ||    12
 Invoke: Heroism           |       |       |     1 |     8 ||     9
         Finesse           |       |       |       |     1 ||     1
    Use: Scroll            |       |     8 |     4 |    13 ||    25
         Potion            |       |       |       |     4 ||     4
 Armour: Scale mail        |    51 |    95 |   185 |       ||   331
         Skin              |       |     2 |       |       ||     2
         Chain mail        |       |       |     3 |   336 ||   339
  Dodge: Dodged            |    47 |    45 |   101 |   181 ||   374
         Repelled          |       |     1 |     1 |     2 ||     4
  Block: Buckler           |    17 |    22 |    50 |    95 ||   184

Table legend: (Time is in decaauts)
 A = Elapsed time spent in this place.
 B = Non-inter-level travel time spent in this place.
 C = Inter-level travel time spent in this place.
 D = Time resting spent in this place.
 E = Time spent auto-exploring this place.
 F = Levels seen in this place.
 G = Mean time per level.
                   A        B        C        D        E       F      G
               +--------+--------+--------+--------+--------+-----+--------+
         Total |  11689 |  11187 |    502 |    379 |   7112 |  14 |  834.9 |
       Dungeon |  11244 |  10742 |    502 |    379 |   7062 |  13 |  864.9 |
      Gauntlet |    444 |    444 |      0 |      0 |     50 |   1 |  444.0 |
               +--------+--------+--------+--------+--------+-----+--------+

Top non-repeatable levels by time:
     D:6: 1198 daAuts
     D:8: 1113 daAuts
     D:7: 1091 daAuts
     D:4: 1057 daAuts
    D:10: 1034 daAuts
    D:12: 1010 daAuts
     D:2: 1003 daAuts
     D:9: 883 daAuts
     D:5: 876 daAuts
     D:1: 835 daAuts
     D:3: 610 daAuts
    D:11: 522 daAuts
Gauntlet: 444 daAuts
    D:13: 7 daAuts
